 Dungeon Crawl Stone Soup version 0.31.0-12-g77e489cdc1 (webtiles) character file.

Game seed: 1434872381908960687

1225 H0rd4k the Insei (level 8, -1/54 HPs)
             Began as an Octopode Artificer on Mar 6, 2024.
             Was an Initiate of Gozag.
             Killed from afar by an electric eel (12 damage)
             ... with a bolt of electricity
             ... on level 6 of the Dungeon.
             The game lasted 00:06:29 (4082 turns).

H0rd4k the Insei (Octopode Artificer)               Turns: 4082, Time: 00:06:30

Health: -1/54      AC:  1    Str: 12    XL:     8   Next: 47%
Magic:  0/10       EV: 13    Int: 15    God:    Gozag
Gold:   520        SH:  0    Dex: 12    Spells: 6/10 levels left

rFire   . .          .
                       - Unarmed
rCold   + . .        (no shield)
rNeg    . . .        (helmet currently unavailable)
rPois   .            v - amulet of guardian spirit
rElec   .            g - ring of protection from cold
rCorr   .            (no ring)
SInv    .            (no ring)
Will    .....        (no ring)
Stlth   +++          (no ring)
HPRegen 0.29/turn    (no ring)
MPRegen 0.12/turn    (no ring)
                     (no ring)

%: guardian spirit
@: beast-form, gold aura
A: beast (slay +1), almost no armour, amphibious, 8 rings, camouflage 1,
gelatinous body 1, (nimble swimmer 1), tentacles
a: Begin Untransformation, Renounce Religion, Potion Petition, Call Merchant,
Bribe Branch


You were on level 6 of the Dungeon.
You worshipped Gozag.
Gozag was pleased with you.
You were a hulking beast.
You visited 2 branches of the dungeon, and saw 7 of its levels.

You collected 565 gold pieces.
You paid 45 gold pieces to Gozag.

Inventory:

Missiles
 m - 4 darts of dispersal
 q - 6 poisoned darts
Jewellery
 b - a ring of ice
 g - a ring of protection from cold (left tentacle)
 p - an amulet of reflection
 v - an amulet of guardian spirit (around mantle)
Talismans
 i - a flux talisman
 r - a storm talisman
 u - a beast talisman (active)
Wands
 c - a wand of charming (10)
 d - a wand of iceblast (2)
Scrolls
 a - 2 scrolls of noise {unknown}
 f - 3 scrolls of identify {unknown}
 h - 2 scrolls of immolation
 j - 3 scrolls of revelation {unknown}
 o - 3 scrolls of enchant weapon {unknown}
 t - 2 scrolls of teleportation {unknown}
 x - a scroll of summoning {unknown}
 y - a scroll of fog {unknown}
Potions
 e - 2 potions of brilliance {unknown}
 k - 2 potions of heal wounds {unknown}
 l - 3 potions of mutation {unknown}
 n - a potion of ambrosia {unknown}
 s - a potion of attraction {unknown}
 w - a potion of might {unknown}
 z - a potion of enlightenment {unknown}


   Skills:
 + Level 3.6 Fighting
 - Level 2.3 Dodging
 - Level 1.3 Stealth
 + Level 7.8 Unarmed Combat
 * Level 1.7 Spellcasting
 * Level 1.7 Hexes
 - Level 3.2 Evocations
 * Level 2.8 Shapeshifting


You had 6 spell levels left.
You knew the following spells:

 Your Spells              Type           Power      Damage    Failure   Level
a - Confusing Touch       Hex            6%         N/A       34%         3
b - Slow                  Hex            24%        N/A       12%         1

Your spell library contained the following spells:

 Spells                   Type           Power      Damage    Failure   Level
 Apportation              Tloc           2%         N/A       22%         1
 Necrotise                Necr           4%         1d4       22%         1
 Sandblast                Erth           2%         2d4       22%         1
 Sting                    Conj/Alch      4%         1d3       22%         1
 Summon Small Mammal      Summ           4%         N/A       22%         1
 Sigil of Binding         Hex            6%         N/A       34%         3
 Dazzling Flash           Conj/Hex       6%         N/A       43%         3
 Passwall                 Erth           1%         N/A       56%         3
 Stone Arrow              Conj/Erth      2%         3d7       56%         3
 Vampiric Draining        Necr           1%         2d6       56%         3
 Volatile Blastmotes      Fire/Tloc      2%         2d10      56%         3
 Brom's Barrelling Bould  Conj/Erth      1%         2d3       92%         4
 Summon Forest            Summ/Tloc      0%         N/A       99%         5
 Summon Mana Viper        Hex/Summ       3%         N/A       99%         5
 Starburst                Conj/Fire      0%         6d3       100%        6
 Summon Cactus Giant      Summ           0%         N/A       100%        6
 Maxwell's Capacitive Co  Air            0%         ∞         100%        8


Dungeon Overview and Level Annotations

Branches:
Dungeon (6/15)             Temple (1/1) D:6

Altars:
Ashenzari
Cheibriados
Dithmenos
Elyvilon
Fedhas
Gozag
Hepliaklqana
Kikubaaqudgha
Makhleb
Nemelex Xobeh
Okawaru
Qazlal
Ru
Sif Muna
Trog
Uskayaw
Vehumet
Wu Jian
Xom
Yredelemnul
Zin
The Shining One


Innate Abilities, Weirdness & Mutations

You are a hulking beast.
Your limbs bulge with bestial killing power. (Slay +1)
You cannot wear most types of armour.
You are amphibious.
You can wear up to eight rings at the same time.
Your skin changes colour to match your surroundings (Stealth+).
Your rubbery body absorbs attacks. (AC +1, EV +1)
((You are camouflaged when in or above water. (Stealth+)))
You have tentacles for arms and can constrict up to eight enemies at once.


Message History

Things that are here:
a +0 flail; a +0 leather armour
There is a stone staircase leading down here.
You climb downwards.
The electric eel shoots out a bolt of lightning at you!
The bolt of electricity hits you!
Found four items.
Found an escape hatch in the ceiling.
Found a stone staircase leading up.
There is a stone staircase leading up here.
There are monsters nearby!
There are monsters nearby!
The orc shouts!
You tentacle-slap the dart slug. You grab the dart slug.
The dart slug is lightly wounded.
You constrict the dart slug.
The electric eel shoots out a bolt of lightning at you!
The bolt of electricity hits you!
You tentacle-slap the dart slug.
The dart slug is moderately wounded.
You constrict the dart slug. The dart slug launches a dart at you.
The slug dart hits you. The dart slug barely misses you.
You bludgeon the dart slug!
You kill the dart slug!
The electric eel shoots out a bolt of lightning at you!
The bolt of electricity hits you!
The electric eel shoots out a bolt of lightning at you!
The bolt of electricity hits you!
The electric eel shoots out a bolt of lightning at you!
The bolt of electricity hits you.
A dart slug comes into view.
You hear a shout!
The electric eel shoots out a bolt of lightning at you!
The bolt of electricity hits you!
* * * LOW HITPOINT WARNING * * *
The electric eel shoots out a bolt of lightning at you!
The bolt of electricity hits the electric eel.
The electric eel completely resists.
The bolt of electricity hits you!
You die...
Your body crumbles into a pile of gold.

#o# #{# #<.≈≈ ~~.##
#o# # ≈~≈≈ #~≈≈~##
###$# #~ ~≈≈# ~~≈≈≈~#
#...# w≈≈ ≈≈~ ≈~~≈≈≈w
#.#.# ~B≈≈#~~#≈≈~≈≈~~
#.#.## ≈~~~~≈~~≈≈~.~~~
#.#..# #~(o!~.$.~≈~:≈#
#.##....~~w♣.?.h.....#
#.#
#.#~~≈≈.≈~.<♣≈~.w~~
#.# .# ~≈~~≈S#~~ ~~~#≈
#o# .# ≈~~≈≈≈~~~≈ ~≈≈~
#.# # .~≈≈≈ ≈≈~≈≈ ≈≈.
#.# #≈≈S≈S≈~~≈#≈ ~#
#.# ##≈~≈≈~~≈≈≈## .
#.# ##.≈~≈≈~#~. #.#
#.S


You could see a bombardier beetle, 3 electric eels, 3 dart slugs and an orc.

Vanquished Creatures
  Sigmund (D:2)
  2 black bears
  2 ogres
  A centaur (D:5)
  Blork the orc (D:6)
  2 scorpions (D:5)
  A jelly (D:5)
  3 hounds
  A bombardier beetle (D:5)
  An orc priest (D:6)
  A gnoll bouda (D:5)
  5 gnolls
  3 adders
  A shadow imp (D:6)
  2 white imps
  2 ufetubi (D:6)
  2 dart slugs
  3 ribbon worms
  13 orcs
  5 bats
  2 endoplasms
  2 giant cockroaches
  4 goblins
  10 hobgoblins
  6 quokkas
  9 ball pythons
  A frilled lizard (D:2)
  7 kobolds
  6 rats
99 creatures vanquished.

Vanquished Creatures (collateral kills)
  3 gnolls (D:6)
  A dart slug (D:6)
4 creatures vanquished.

Vanquished Creatures (others)
  A bullfrog (D:6)
  An iguana (D:6)
  A gnoll bouda (D:6)
3 creatures vanquished.

Grand Total: 106 creatures vanquished

Notes
Turn   | Place    | Note
-------+----------+-------------------------------------------
     0 | D:1      | H0rd4k the Octopode Artificer began the quest for the Orb.
     0 | D:1      | Reached XP level 1. HP: 13/13 MP: 1/1
    22 | D:1      | Reached skill level 1 in Unarmed Combat
    22 | D:1      | Reached XP level 2. HP: 15/18 MP: 2/2
   105 | D:1      | Found a faded altar of an unknown god.
   512 | D:2      | Noticed Sigmund
   518 | D:2      | Killed Sigmund
   519 | D:2      | Reached skill level 4 in Unarmed Combat
   519 | D:2      | Reached XP level 3. HP: 18/25 MP: 3/3
   519 | D:2      | Reached XP level 4. HP: 21/30 MP: 4/4
   519 | D:2      | Reached XP level 5. HP: 25/35 MP: 5/5
   992 | D:2      | Reached XP level 6. HP: 41/41 MP: 6/6
  1316 | D:3      | Reached skill level 5 in Unarmed Combat
  1474 | D:3      | You fall into a shaft and drop 3 floors!
  1477 | D:6      | Found a staircase to the Ecumenical Temple.
  1486 | Temple   | Entered the Ecumenical Temple
  1501 | Temple   | Became a worshipper of Gozag Ym Sagoz the Greedy
  1519 | D:6      | Found a basalt altar of Yredelemnul.
  1591 | D:6      | Reached skill level 1 in Shapeshifting
  1667 | D:6      | Noticed Blork the orc
  1682 | D:6      | Killed Blork the orc
  1683 | D:6      | Reached XP level 7. HP: 45/46 MP: 7/7
  1750 | D:6      | Reached skill level 6 in Unarmed Combat
  1929 | D:5      | Entered Level 5 of the Dungeon
  2036 | D:4      | Found a shimmering altar of Xom.
  2463 | D:4      | Found a sacrificial altar of Ru.
  2467 | D:4      | Found a hide-covered altar of Uskayaw.
  2471 | D:4      | Found a sparkling altar of Nemelex Xobeh.
  2471 | D:4      | Found a radiant altar of Vehumet.
  2478 | D:4      | Found a burning altar of Makhleb.
  2897 | D:4      | Learned a level 3 spell: Confusing Touch
  2899 | D:4      | Learned a level 1 spell: Slow
  2925 | D:5      | Identified the +1 robe "Ijyaximn" {rC+}
  3077 | D:5      | Reached skill level 7 in Unarmed Combat
  3077 | D:5      | Reached XP level 8. HP: 52/52 MP: 7/9
  3250 | D:5      | Reached skill level 1 in Spellcasting
  3250 | D:5      | Reached skill level 1 in Hexes
  3674 | D:5      | Found a white marble altar of Elyvilon.
  4082 | D:6      | Killed from afar by an electric eel

Illustrated notes

Levels and vault maps discovered:
D:1:      dpeg_arrival_leaves_temple_mockup, layout_rooms,
          hellmonk_ecumenical_altar_blasted
D:2:      layout_rooms, uniq_sigmund
D:3:      layout_basic, serial_shops, nicolae_shop_stone, dk_noncrumbling_2,
          uniq_terence, uniq_crazy_yiuf_cottage
D:4:      layout_loops_corners, general_overflow_altar,
          nicolae_overflow_hallway_of_the_gods, serial_rivers,
          chequers_serial_rivers_small_a, chequers_serial_rivers_micro_d,
          chequers_serial_rivers_room_b, chequers_serial_rivers_large_a
D:5:      minmay_recursive_quarters, layout_basic, elyvilon_altar_3
D:6:      kennysheep_slugbush, layout_loops_ring,
          mainiacjoe_overflow_tiny_flanked,
          minmay_temple_entry_statues_fountains, uniq_blork_the_orc
Temple:   compressed_dpeg_circular_temple

Skill      XL: |  1  2  3  4  5  6  7  8 |
---------------+-------------------------+-----
Unarmed Combat | 1 4 5 7 |  7.8
Fighting       | 2 3 |  3.6
Shapeshifting  | 1 2 |  2.8
Spellcasting   | 1 |  1.7
Hexes          | 1 |  1.7
Dodging        | |  2.3
Stealth        | |  1.3
Evocations     | |  3.2

Action                     |  1- 3 |  4- 6 |  7- 9 || total
---------------------------+-------+-------+-------++-------
  Melee: Unarmed           |    29 |    73 |    95 ||   197
         Tentacles         |    12 |    15 |    24 ||    51
         Constrict         |    10 |    18 |    25 ||    53
         Punch             |     1 |     2 |     4 ||     7
  Evoke: Wand              |     5 |     8 |    10 ||    23
   Stab: Sleeping          |     2 |     5 |     5 ||    12
 Armour: Skin              |    13 |    32 |    55 ||   100
  Dodge: Dodged            |    15 |    33 |    52 ||   100
  Block: Other             |       |     2 |     4 ||     6
   Form: Beast             |       |       |     1 ||     1
